 Dungeon Crawl Stone Soup version 0.22-a0-603-gfc1114d (webtiles) character file.

75532 Hebeh the Bludgeoner (level 15, -4/137 HPs)
             Began as a Minotaur Fighter on July 7, 2018.
             Was a High Priest of Trog.
             Slain by an orc warrior
             ... wielding a +1 battleaxe of draining
              (17 damage)
             ... on level 2 of the Orcish Mines on July 8, 2018.
             The game lasted 02:10:58 (24708 turns).

Hebeh the Bludgeoner (Minotaur Fighter)            Turns: 24708, Time: 02:10:59

Health: -4/137     AC: 21    Str: 26    XL:     15   Next: 9%
Magic:  6/6        EV:  8    Int:  5    God:    Trog [*****.]
Gold:   1598       SH: 25    Dex: 14    Spells: 14/14 levels left

rFire    . . .     SeeInvis .   S - +5 morningstar (antimagic)
rCold    . . .     Gourm    +   g - +5 large shield
rNeg     + . .     Faith    .   L - +5 scale mail of Servitude {rCorr}
rPois    .         Spirit   .   h - +1 hat
rElec    .         Reflect  .   z - scarf {repulsion}
rCorr    +         Harm     .   e - +2 pair of gloves {Dex+3}
MR       +++..                  o - +1 pair of boots
Stlth    ..........             O - amulet of the gourmand
HPRegen  1.32/turn              J - ring of positive energy
MPRegen  0.10/turn              m - +3 ring of slaying

@: about to teleport, regenerating, drained, repel missiles
A: retaliatory headbutt, horns 2
a: Berserk, Trog's Hand, Brothers in Arms, Renounce Religion


You were on level 2 of the Orcish Mines.
You worshipped Trog.
Trog was extremely pleased with you.
You were very full.

You visited 4 branches of the dungeon, and saw 23 of its levels.
You also visited: Ossuary.

You collected 1676 gold pieces.
You spent 78 gold pieces at shops.

Inventory:

Hand Weapons
 a - a +6 eveningstar of draining
 b - a +4 hunting sling of flaming
 P - a +2 demon whip of draining
 S - a +5 antimagic morningstar (weapon)
Missiles
 s - 129 sling bullets
 Z - 5 javelins (quivered)
Armour
 e - a +2 pair of gloves of dexterity (worn)
 g - a +5 large shield (worn)
 h - a +1 hat (worn)
 o - a +1 pair of boots (worn)
 z - a scarf of repulsion (worn)
 L - the +5 scale mail of Servitude (worn) {rCorr}
   (You found it on level 12 of the Dungeon)

   It protects you from acid and corrosion.
Jewellery
 m - a +3 ring of slaying (right hand)
 t - a +4 amulet of reflection
 F - a +2 ring of protection
 J - a ring of positive energy (left hand)
 K - an uncursed ring of protection from cold
 O - an amulet of the gourmand (around neck)
 Y - an uncursed ring of positive energy
Wands
 j - a wand of random effects (35)
 p - a wand of acid (19)
 D - a wand of paralysis (31)
 E - a wand of iceblast (10)
 H - a wand of disintegration (13)
 N - a wand of enslavement (21)
 T - a wand of flame (26)
Scrolls
 n - a scroll of identify
 u - 2 scrolls of blinking
 v - 10 scrolls of remove curse
 x - 2 scrolls of immolation
 y - 9 scrolls of teleportation
 C - 5 scrolls of fog
 I - a scroll of fear
 W - 2 scrolls of magic mapping
Potions
 c - a potion of agility
 d - 4 potions of might
 i - 15 potions of curing
 k - 3 potions of invisibility
 q - a potion of degeneration {unknown}
 r - 5 potions of haste
 w - 4 potions of resistance
 A - 2 potions of flight
 B - 6 potions of lignification
 G - 2 potions of heal wounds
 R - 2 potions of ambrosia
 U - 2 potions of cancellation
Miscellaneous
 M - a sack of spiders
 X - a phantom mirror
Comestibles
 f - 33 rations
 l - 14 chunks of flesh


   Skills:
 + Level 13.7(12.6) Fighting
   Level 3.9(10.3) Axes
 - Level 15.8(14.8) Maces & Flails
 + Level 6.1(5.3) Slings
 + Level 13.6(12.6) Armour
 * Level 15.1(14.0) Shields
 + Level 8.7(7.8) Evocations


You had 14 spell levels left.
You didn't know any spells.
Your spell library was empty.

Dungeon Overview and Level Annotations

Branches:
Dungeon (14/15)            Temple (1/1) D:5            Lair (6/6) D:8
  Swamp (0/4) Lair:4        Snake (0/4) Lair:3        Slime (0/5) Lair:6
    Orc (2/2) D:12         Vaults (0/5) D:14
    Elf: Orc:2

Altars:
Ashenzari
Cheibriados
Dithmenos
Elyvilon
Fedhas
Gozag
Kikubaaqudgha
Makhleb
Nemelex Xobeh
Okawaru
Qazlal
Ru
Sif Muna
Trog
Uskayaw
Vehumet
Wu Jian
Xom
Yredelemnul
Zin
The Shining One
Beogh
Jiyva

Shops:
D:2 *   D:5 *   D:8 (


Innate Abilities, Weirdness & Mutations

You reflexively headbutt those who attack you in melee.
You have a pair of horns on your head.


Message History

You block the orc's attack. You block the orc warrior's attack.
The orc warrior hits you from afar with a halberd!!
* * * LOW HITPOINT WARNING * * *
The orc knight barely misses you. You furiously retaliate!
You headbutt the orc knight.
The orc warrior hits you with a battleaxe of draining.
* * * LOW HITPOINT WARNING * * *
You partially resist.
You feel drained. You block the orc's attack.
The orc warrior hits you from afar with a trident.
* * * LOW HITPOINT WARNING * * *
You feel much better.
The orc warrior no longer looks unusually strong. x3
The orc no longer looks unusually strong.
You block the orc warrior's attack. The orc closely misses you.
The orc warrior hits you with an uncursed great mace!!
* * * LOW HITPOINT WARNING * * *
The orc warrior hits you but does no damage.
You block the orc warrior's attack. You block the orc knight's attack.
The orc warrior hits you with a battleaxe of draining!
You die...

.....##........... ..
....##............... ..
................##..##..
...............##.......
...............#(.......
#.......................
..............)#..o...≈≈
..........((.((#oooo.≈≈≈
...............o@oooo...
...............ooooo....
..............o#o.o..≈≈≈
#.........$....#......≈≈
.......................
.............#........
............##.......
....... #..##..


You could see an orc knight, 12 orc warriors and 5 orcs.

Vanquished Creatures
  The ghost of Niwyotz the Severer, a journeyman MiFi of Trog (Orc:1)
  Josephine (D:14)
  5 hydras
  2 catoblepae
  3 centaur warriors
  A death knight (D:14)
  3 ogre magi
  5 death yaks (Lair:6)
  5 two-headed ogres
  A deep troll shaman (Lair:6)
  Nergalle (Lair:3)
  Urug (Lair:3)
  Sonja (D:14)
  A deep elf knight (D:14)
  2 unseen horrors
  A lindwurm (Lair:6)
  A phantasmal warrior (D:14)
  5 oklob plants
  An orc knight (D:9)
  4 deep elf magi (D:14)
  2 cyclopes (D:13)
  7 elephants (Lair:6)
  2 ugly things (D:11)
  A manticore (D:13)
  Maurice (Orc:1)
  8 black mambas
  3 centaur zombies (D:13)
  10 spiny frogs
  2 gargoyles
  A torpor snail (Lair:6)
  9 rime drakes
  3 kobold demonologists
  An efreet (D:14)
  2 komodo dragons
  A freezing wraith (D:14)
  A merfolk (D:9)
  4 trolls
  2 polar bears
  10 blink frogs
  A harpy skeleton (D:14)
  13 hippogriffs
  A vampire (D:13)
  8 wraiths
  2 wyverns
  35 yaks
  2 basilisks
  A steam dragon (D:12)
  3 hungry ghosts
  Grum (Lair:1)
  8 vampire mosquitoes
  A warg (Orc:1)
  A soldier ant (D:14)
  A hell hound (Lair:4)
  8 porcupines
  23 water moccasins
  2 eyes of draining
  27 orc warriors
  4 ice beasts
  5 sky beasts
  6 black bears
  14 ogres
  A necrophage (D:13)
  12 wolves
  A boggart (D:14)
  3 phantoms
  10 crocodiles
  18 centaurs
  10 bullfrogs
  4 big kobolds
  A gnoll sergeant (D:6)
  2 wyvern skeletons
  20 killer bees
  6 howler monkeys
  14 wights
  An electric eel (D:14)
  5 crimson imps
  A bullfrog zombie (D:8)
  A quasit (D:8)
  6 centaur skeletons
  3 jellies
  12 orc priests
  25 orc wizards
  7 hounds
  An iguana (D:11)
  14 worker ants
  A killer bee zombie (D:6)
  A mummy (Ossuary)
  3 worker ant zombies
  22 adders
  9 gnolls
  A howler monkey skeleton (D:7)
  7 river rats (D:10)
  5 shadow imps
  An ooze (D:2)
  2 adder zombies
  2 adder skeletons (D:6)
  2 worms
  6 leopard geckos
  86 orcs
  4 giant cockroaches (D:3)
  9 goblins
  9 hobgoblins
  11 jackals
  4 quokkas
  2 ball pythons
  10 bats
  5 frilled lizards
  3 gnoll skeletons (Ossuary)
  16 kobolds
  10 kobold skeletons (Ossuary)
  2 leopard gecko zombies (D:5)
  12 orc skeletons (Ossuary)
  A quokka zombie (D:6)
  23 rats
  10 plants
739 creatures vanquished.

Vanquished Creatures (collateral kills)
  A rime drake (Lair:4)
  2 hippogriffs (Lair:4)
  A wyvern (Lair:4)
4 creatures vanquished.

Vanquished Creatures (others)
  An orc (Orc:1)
  3 fungi (Lair:6)
  A plant (Lair:6)
5 creatures vanquished.

Grand Total: 748 creatures vanquished

Notes
Turn   | Place    | Note
-------+----------+-------------------------------------------
     0 | D:1      | Hebeh the Minotaur Fighter began the quest for the Orb.
     0 | D:1      | Reached XP level 1. HP: 19/19 MP: 0/0
    35 | D:1      | Reached XP level 2. HP: 20/27 MP: 1/1
   379 | D:1      | Reached XP level 3. HP: 33/33 MP: 2/2
   814 | D:2      | Reached XP level 4. HP: 40/40 MP: 3/3
   850 | D:2      | Found an opulent altar of Gozag.
   948 | D:2      | Found Gozag's Platinum Reserve.
  1550 | D:3      | Reached skill level 1 in Maces & Flails
  2162 | D:4      | Reached XP level 5. HP: 47/47 MP: 4/4
  2221 | D:4      | Found a sand-covered staircase.
  2269 | Ossuary  | Entered an ossuary
  2269 | Ossuary  | Noticed a wraith
  2269 | Ossuary  | Noticed a wraith
  2269 | Ossuary  | Noticed a wraith
  2318 | Ossuary  | Noticed a wraith
  2331 | Ossuary  | Killed a wraith
  2331 | Ossuary  | Reached skill level 5 in Fighting
  2331 | Ossuary  | Reached skill level 5 in Armour
  2331 | Ossuary  | Reached skill level 5 in Shields
  2331 | Ossuary  | Reached XP level 6. HP: 17/56 MP: 5/5
  3045 | D:5      | Entered Level 5 of the Dungeon
  3065 | D:5      | Found Vumyts's General Store.
  3076 | D:5      | Bought a scroll of teleportation for 39 gold pieces
  3076 | D:5      | Bought a scroll of remove curse for 39 gold pieces
  3136 | D:5      | Reached XP level 7. HP: 51/61 MP: 6/6
  3418 | D:5      | Found a staircase to the Ecumenical Temple.
  3436 | D:5      | Got a faintly humming plate armour
  3444 | Temple   | Entered the Ecumenical Temple
  3476 | Temple   | Became a worshipper of Trog the Wrathful
  3487 | Temple   | Identified the cursed +0 plate armour of Lifelessness {Str+4} (You found it on level 5 of the Dungeon)
  3546 | D:5      | Reached skill level 5 in Maces & Flails
  3805 | D:5      | Found a white marble altar of Elyvilon.
  4133 | D:6      | Found an iron altar of Okawaru.
  4203 | D:6      | Reached XP level 8. HP: 68/70 MP: 7/7
  4218 | D:6      | Reached * piety under Trog
  4462 | D:6      | Found an iron altar of Okawaru.
  4981 | D:7      | Reached ** piety under Trog
  5300 | D:7      | Found a snail-covered altar of Cheibriados.
  5417 | D:7      | Found a radiant altar of Vehumet.
  5417 | D:7      | Found a basalt altar of Yredelemnul.
  5417 | D:7      | Found a blossoming altar of Fedhas.
  5419 | D:7      | Found an ancient bone altar of Kikubaaqudgha.
  5421 | D:7      | Found a stormy altar of Qazlal.
  5422 | D:7      | Found a hide-covered altar of Uskayaw.
  5829 | D:8      | Reached XP level 9. HP: 79/79 MP: 8/8
  5837 | D:8      | Noticed a two-headed ogre
  6001 | D:8      | Killed a two-headed ogre
  6458 | D:8      | Found Madaysyda's Antique Weapon Shoppe.
  6495 | D:8      | Reached skill level 10 in Maces & Flails
  6659 | D:8      | Reached *** piety under Trog
  6695 | D:8      | Found a deep blue altar of Sif Muna.
  6813 | D:8      | Found a staircase to the Lair.
  6922 | Lair:1   | Entered Level 1 of the Lair of Beasts
  6939 | Lair:1   | Reached XP level 10. HP: 90/90 MP: 9/9
  7494 | D:9      | Found a runed door.
  7679 | D:9      | Reached skill level 1 in Evocations
  7769 | D:9      | Noticed a two-headed ogre
  7778 | D:9      | Killed a two-headed ogre
  8264 | D:9      | Noticed an ogre mage
  8264 | D:9      | Noticed an ogre mage
  8268 | D:9      | Killed an ogre mage
  8274 | D:9      | Killed an ogre mage
  8278 | D:9      | Reached XP level 11. HP: 45/97 MP: 12/12
  8330 | D:9      | Noticed an orc knight
  8523 | D:9      | Killed an orc knight
  8608 | D:10     | Entered Level 10 of the Dungeon
  8677 | D:10     | Reached **** piety under Trog
  8775 | D:10     | Noticed a two-headed ogre
  8793 | D:10     | Killed a two-headed ogre
  8961 | D:10     | Killed an unseen horror
  8961 | D:10     | Reached skill level 10 in Fighting
  8961 | D:10     | Reached skill level 10 in Shields
  9393 | D:10     | Reached skill level 10 in Armour
  9501 | D:10     | Found an ornate altar of the Wu Jian Council.
  9777 | D:11     | Found a roughly hewn altar of Beogh.
  9831 | D:11     | Reached ***** piety under Trog
  9956 | D:11     | Noticed a white ugly thing
 10258 | D:11     | Noticed a brown ugly thing
 10287 | D:11     | Killed a brown ugly thing
 10300 | D:11     | Noticed a sun demon
 10332 | D:11     | Killed a white ugly thing
 10882 | D:12     | Found a staircase to the Orcish Mines.
 11127 | D:12     | Reached XP level 12. HP: 107/108 MP: 14/14
 11168 | D:12     | Got a heavily runed scale mail
 11679 | D:12     | Identified the +5 scale mail of Servitude {rCorr} (You found it on level 12 of the Dungeon)
 11854 | D:13     | Reached skill level 5 in Evocations
 12023 | D:13     | Reached ****** piety under Trog
 12220 | D:13     | Noticed a centaur warrior
 12231 | D:13     | Killed a centaur warrior
 12443 | D:13     | Received a gift from Trog
 12982 | D:14     | Noticed Josephine
 13081 | D:14     | Killed Josephine
 13113 | D:14     | Noticed a centaur warrior
 13226 | D:14     | Killed a centaur warrior
 13254 | D:14     | Reached XP level 13. HP: 103/117 MP: 16/16
 13465 | D:14     | Reached skill level 15 in Maces & Flails
 14843 | D:14     | Found a gate to the Vaults.
 14908 | D:14     | Received a gift from Trog
 15109 | D:14     | Noticed Sonja
 15121 | D:14     | Killed Sonja
 15621 | Lair:1   | Noticed Grum
 15629 | Lair:1   | Reached skill level 1 in Slings
 15649 | Lair:1   | Killed Grum
 17263 | Lair:2   | Found a radiant altar of Vehumet.
 17486 | Lair:3   | Noticed Urug
 17498 | Lair:3   | Killed Urug
 17498 | Lair:3   | Received a gift from Trog
 17640 | Lair:3   | Found a staircase to the Snake Pit.
 17650 | Lair:3   | Reached XP level 14. HP: 124/127 MP: 18/18
 17659 | Lair:3   | Received a gift from Trog
 17858 | Lair:3   | Noticed Nergalle
 17865 | Lair:3   | Killed Nergalle
 18714 | Lair:4   | Found a staircase to the Swamp.
 19920 | Lair:5   | Received a gift from Trog
 20974 | Lair:6   | Entered Level 6 of the Lair of Beasts
 21067 | Lair:6   | Reached skill level 5 in Slings
 21128 | Lair:6   | Found a viscous altar of Jiyva.
 21129 | Lair:6   | Found a staircase to the Slime Pits.
 22476 | Lair:6   | Got a jewelled scimitar
 22871 | Lair:6   | Identified the cursed +0 scimitar "Pacodoh" {venom, rPois rF+} (You found it on level 6 of the Lair of Beasts)
 23184 | Orc:1    | Entered Level 1 of the Orcish Mines
 23411 | Orc:1    | Received a gift from Trog
 23443 | Orc:1    | Reached XP level 15. HP: 125/136 MP: 20/20
 23663 | Orc:1    | Found a runed gate.
 23663 | Orc:1    | Found a runed gate.
 23664 | Orc:1    | Found a runed gate.
 23670 | Orc:1    | Noticed Niwyotz's ghost (journeyman MiFi)
 23929 | Orc:1    | Killed Niwyotz's ghost
 23929 | Orc:1    | Reached skill level 15 in Shields
 24146 | Orc:2    | Entered Level 2 of the Orcish Mines
 24190 | Orc:1    | Noticed Maurice
 24199 | Orc:1    | Killed Maurice
 24708 | Orc:2    | Slain by an orc warrior

Vault maps used:
D:1:      nicolae_arrival_washed_ashore
D:2:      nicolae_gozag_zags_fifth_avenue
D:3:      grunt_decor_one_mirror
D:4:      nicolae_ossuary_entry_ruins
D:5:      minmay_temple_entry_crystal_x, serial_shops, shop, first_ration,
          minmay_misc_feat_five, elyvilon_altar_4
D:6:      nicolae_overflow_crystal_walls, kennysheep_okawaru_gauntlet
D:7:      minitemple, serial_bayou_pond_c
D:8:      tgw_sif, lair_entry_dummy, serial_shops, kennysheep_mini_moat
D:9:      hangedman_fish_farm, minivault_13
D:10:     basic_altar, dk_rats_in_the_wall
D:11:     special_room
D:12:     orc_0_dummy, minmay_misc_feat_doors, minivault_5
D:14:     hangedman_vaults_entry_quadrant_bands, serial_bayou_shore_a,
          uniq_josephine, uniq_sonja
Temple:   minmay_temple_bridge_abc
Lair:1:   uniq_grum
Lair:2:   basic_altar
Lair:3:   minmay_snake_entry_six_corridors, dpeg_stationary_puzzle,
          grunt_megastairs_4, uniq_urug, uniq_nergalle
Lair:4:   swamp_mist, special_room
Lair:5:   beast_lair_carwin_large_3, minmay_lair_oklob_chamber
Lair:6:   grunt_lair_end_beastmaster, dpeg_slime_entry_enclosed_altar
Orc:1:    ebering_ghost_rock_garden, uniq_maurice
Orc:2:    st_orc_rangers
Ossuary:  ossuary_due_mausoleum

Skill      XL: |  1  2  3  4  5  6  7  8  9 10 11 12 13 14 15 |
---------------+----------------------------------------------+-----
Axes           | 3 |  3.9
Shields        | 4 5 6 7 8 9 10 11 13 14 15 | 15.1
Armour         | 4 5 6 7 8 9 10 11 12 13 | 13.6
Fighting       | 4 5 6 7 8 9 10 11 12 13 | 13.7
Maces & Flails | 1 3 4 6 8 10 11 13 14 15 | 15.8
Evocations     | 3 4 6 7 8 |  8.7
Slings         | 3 5 6 |  6.1

Action                   |  1- 3 |  4- 6 |  7- 9 | 10-12 | 13-15 || total
-------------------------+-------+-------+-------+-------+-------++-------
Melee: War axe           |    74 |    24 |       |       |       ||    98
       Headbutt          |     3 |    31 |    66 |   242 |   235 ||   577
       Mace              |       |   175 |   272 |   810 |   167 ||  1424
       Hunting sling     |       |       |       |     1 |       ||     1
       Demon whip        |       |       |       |       |   242 ||   242
       Eveningstar       |       |       |       |       |   422 ||   422
       Morningstar       |       |       |       |       |    78 ||    78
Throw: Stone             |       |       |    12 |       |       ||    12
Invok: Trog's Hand       |       |       |       |       |     4 ||     4
       Berserk           |       |       |       |       |     3 ||     3
       Brothers in Arms  |       |       |       |       |     1 ||     1
Evoke: Wand              |       |       |     1 |     2 |     1 ||     4
  Use: Scroll            |       |     4 |     4 |    20 |    15 ||    43
       Potion            |       |       |       |       |     2 ||     2
 Stab: Paralysed         |       |       |       |       |     1 ||     1
       Petrifying        |       |       |       |       |     1 ||     1
  Eat: Chunk             |       |     5 |    24 |    24 |    40 ||    93
       Ration            |       |     1 |       |       |       ||     1
Armor: Scale mail        |    31 |    86 |     1 |    79 |   321 ||   518
       Plate armour      |       |       |   124 |   188 |       ||   312
Dodge: Dodged            |    27 |    21 |    26 |    70 |   163 ||   307
       Deflected         |       |     1 |     3 |     7 |    13 ||    24
Block: Shield            |    35 |       |       |       |       ||    35
       Large shield      |    17 |   203 |   279 |   757 |  1002 ||  2258

Table legend:
 A = Spawn XP
 B = Non-spawn XP
 C = Spawn XP percentage of total XP
 D = Spawn monster count
 E = Non-spawn monster count
 F = Spawn count percentage of total count
 G = Total turns spent on level
                    A         B        C        D         E        F      G
               +---------+---------+-------+---------+---------+-------+---------
         Total |       0 |  107904 |   0.0 |       0 |     733 |   0.0 | 24708
               +---------+---------+-------+---------+---------+-------+---------
           D:1 |       0 |      45 |   0.0 |       0 |      29 |   0.0 |   701
           D:2 |       0 |      90 |   0.0 |       0 |      26 |   0.0 |   661
           D:3 |       0 |      49 |   0.0 |       0 |      20 |   0.0 |   792
           D:4 |       0 |     193 |   0.0 |       0 |       9 |   0.0 |   497
           D:5 |       0 |     620 |   0.0 |       0 |      22 |   0.0 |   990
           D:6 |       0 |    1050 |   0.0 |       0 |      29 |   0.0 |   608
           D:7 |       0 |     617 |   0.0 |       0 |      19 |   0.0 |  1270
           D:8 |       0 |    2537 |   0.0 |       0 |      42 |   0.0 |  1321
           D:9 |       0 |    6157 |   0.0 |       0 |      37 |   0.0 |  1276
          D:10 |       0 |    3100 |   0.0 |       0 |      49 |   0.0 |  1056
          D:11 |       0 |    5621 |   0.0 |       0 |      55 |   0.0 |  1025
          D:12 |       0 |    2488 |   0.0 |       0 |      34 |   0.0 |  1392
          D:13 |       0 |    9712 |   0.0 |       0 |      42 |   0.0 |  1589
          D:14 |       0 |   18356 |   0.0 |       0 |      51 |   0.0 |  2050
        Lair:1 |       0 |    4964 |   0.0 |       0 |      25 |   0.0 |  1229
        Lair:2 |       0 |    5665 |   0.0 |       0 |      20 |   0.0 |   896
        Lair:3 |       0 |    6419 |   0.0 |       0 |      29 |   0.0 |  1171
        Lair:4 |       0 |    8567 |   0.0 |       0 |      32 |   0.0 |   887
        Lair:5 |       0 |    8780 |   0.0 |       0 |      24 |   0.0 |  1588
        Lair:6 |       0 |   16069 |   0.0 |       0 |      45 |   0.0 |  1920
         Orc:1 |       0 |    5103 |   0.0 |       0 |      52 |   0.0 |  1032
         Orc:2 |       0 |    1454 |   0.0 |       0 |      15 |   0.0 |   299
       Ossuary |       0 |     248 |   0.0 |       0 |      27 |   0.0 |   394
               +---------+---------+-------+---------+---------+-------+---------
